Description

[2022 GSL ST S1] Ro.8 Match3 ByuN vs Dark Match 1

VOD

https://www.youtube.com/watch?v=lobD0f36zTo

Build Order

Get SALT Encoding   

  13  0:18  Overlord  drone up until the written supply
  16  0:52  Hatchery  
  18  1:08  Extractor  pull 2 gas into mineral after 80 gas
  17  1:13  Spawning Pool  
  21  2:01  Queen x2  
  25  2:03  Zergling x4  
  27  2:13  Zergling x2  
  28  2:15  Overlord  
  28  2:21  Hatchery  3rd
  31  2:40  Queen  
  33  2:49  Overlord  
  34  2:56  Metabolic Boost  
  40  3:18  Queen  
  44  3:23  Overlord  
  44  3:33  Queen  
  46  3:34  Overlord  +queen before
  54  3:53  Zergling x4  
  56  3:54  Overlord  +4 zergling before
  58  3:59  Extractor  
  57  4:00  Queen  +extractor before
  63  4:11  Queen  
  69  4:26  Spore Crawler  
  68  4:27  Evolution Chamber  
  67  4:28  Evolution Chamber  only if you scout your opponent not aggressive early
  66  4:29  Spore Crawler  
  65  4:30  Spore Crawler  
  65  4:32  Zergling x4  2 evos and 3 spore
  73  4:50  Overlord x3  
  73  4:56  Zerg Melee Weapons Level 1  
  73  4:57  Zerg Ground Armor Level 1  +1 +1
  75  5:05  Spore Crawler x2  
  73  5:06  Overlord  2 spores before
  78  5:14  Lair  FINALLY
  86  5:33  Hatchery x2  Macro hatch + 4th
  87  5:39  Extractor x2  
  85  5:48  Baneling Nest  (lose 2 scout lings and)
  82  5:40  Hatchery x4  3 macro + 5th (lose 2 drones)
  88  6:12  Zergling x16  
  97  6:18  Spore Crawler  
  98  6:24  Infestation Pit  
  98  6:33  Zergling x8  
  102  6:34  Centrifugal Hooks  +8 zergling before
  105  6:40  Baneling x5  
  105  6:41  Overlord x4  5 banelings before, stop at 69 drone
  105  6:51  Zerg Melee Weapons Level 2  
  104  7:01  Zergling x22  
  115  7:03  Baneling x3  22 zergling before
  113  7:06  Zergling x14  
  120  7:14  Overseer  
  122  7:18  Zergling x12  keep drone to 72, build army accordingly
  123  7:36  Hydralisk Den  
  122  7:37  Extractor x2  
  138  7:49  Zerg Ground Armor Level 2  
  138  7:50  Hive  +2 armor before, drone to 85 and build zerglings
  153  8:10  Pneumatized Carapace  
  161  8:38  Grooved Spines  
  161  8:39  Burrow  
  170  9:01  Adrenal Glands  CRACKLINGS, get hydras out and hydra speed, vipers
  169  11:34  Zerg Melee Weapons Level 3  
  192  11:38  Lurker Den  etc
Spawning Tool Build Advisor. Get it on Overwolf

Go to:

Details

  • Created by: ereboniantwo
  • Published on: Jan 31, 2022
  • Modified on: Jan 31, 2022
  • Patch: 4.11.0
  • Difficulty: Medium
Show
View Real Time Build Order
Export as new Build Order

Comments (0)

There are no comments. Be the first!

Create an account to comment!